 Dungeon Crawl Stone Soup version 0.26.1-2-gb8aa6d0cf2 (webtiles) character file.

Game seed: 10700869487775570306

42 Eitelfritz the Skirmisher (level 3, -5/33 HPs)
             Began as a Hill Orc Fighter on Feb 17, 2021.
             Slain by Sigmund
             ... wielding a +3 scythe of protection
              (10 damage)
             ... on level 2 of the Dungeon.
             The game lasted 00:03:30 (1443 turns).

Eitelfritz the Skirmisher (Hill Orc Fighter)        Turns: 1443, Time: 00:03:31

Health: -5/33      AC:  7    Str: 18    XL:     3   Next: 54%
Magic:  3/3        EV:  9    Int:  9    God:
Gold:   121        SH:  0    Dex: 10    Spells: 2/2 levels left

rFire    . . .     SeeInvis .   a - +0 war axe
rCold    . . .     Faith    .   (no shield)
rNeg     . . .     Spirit   .   b - +0 scale mail
rPois    .         Reflect  .   (no helmet)
rElec    .         Harm     .   (no cloak)
rCorr    .         Rampage  .   (no gloves)
Will     .....                  (no boots)
Stlth    ..........             (no amulet)
HPRegen  0.11/turn              (no ring)
MPRegen  0.08/turn              (no ring)

@: mighty
A: no striking features
a: no special abilities


You were on level 2 of the Dungeon.
You visited 1 branch of the dungeon, and saw 2 of its levels.

You collected 121 gold pieces.

Inventory:

Hand Weapons
 a - a +0 war axe (weapon)
 j - a +0 hunting sling
 l - a +2 mace of protection
Missiles
 g - 69 stones (quivered)
Armour
 b - a +0 scale mail (worn)
 c - a +0 kite shield
Jewellery
 q - an uncursed amulet of reflection {unknown}
Scrolls
 f - 2 scrolls of teleportation {unknown}
 h - a scroll of fog {unknown}
 i - 2 scrolls of immolation {unknown}
 m - 2 scrolls of identify {unknown}
 r - a scroll of fear {unknown}
Potions
 e - a potion of heal wounds
 k - a potion of degeneration {unknown}
 n - a potion of brilliance {unknown}
 o - a potion of lignification {unknown}
 p - a potion of berserk rage {unknown}


   Skills:
 + Level 4.1 Fighting
 + Level 3.9 Axes
 + Level 3.7 Armour
 + Level 3.5 Shields


You had 2 spell levels left.
You didn't know any spells.
Your spell library was empty.

Dungeon Overview and Level Annotations

Branches:
Dungeon (2/15)

Altars:

Annotations:
D:2 Sigmund


Message History

You closely miss Sigmund.
Sigmund is heavily wounded.
Sigmund points at himself and mumbles some strange words.
Sigmund flickers and vanishes!
Deactivating autopickup; reactivate with Ctrl-A.
You hear some strange, mumbled words.
A magic dart appears from out of thin air!
The magic dart hits you!
* * * LOW HITPOINT WARNING * * *
It was a potion of heal wounds.
You feel much better. Something hits you.
You slash something! You closely miss something.
Something hits you but does no damage.
You closely miss something.
You hear some strange, mumbled words.
A magic dart appears from out of thin air!
The magic dart hits you. Something hits you!
* * * LOW HITPOINT WARNING * * *
You closely miss something. You miss something. Something hits you!
You die...

#.# #.# #. #.#
#.######.
..#.#######
####.####........
....@.....#
#................
....#####@#
#.##.####........
. #.#
#.##.............
#.#
#.#######........
#.# ##.##
#........
#.######@..#
#.......#
#......{...#
#########
########...#
#####


There were no monsters in sight!

Vanquished Creatures
  An adder (D:2)
  A worm (D:2)
  A ball python (D:1)
  2 giant cockroaches (D:1)
  3 goblins
  2 hobgoblins
  3 bats
  3 frilled lizards (D:1)
  12 kobolds
  5 rats (D:1)
33 creatures vanquished.

Notes
Turn   | Place    | Note
-------+----------+-------------------------------------------
     0 | D:1      | Eitelfritz the Hill Orc Fighter began the quest for the
                  | Orb.
     0 | D:1      | Reached XP level 1. HP: 19/19 MP: 1/1
   126 | D:1      | Reached XP level 2. HP: 24/27 MP: 2/2
   490 | D:1      | Reached skill level 4 in Fighting
   972 | D:1      | Reached XP level 3. HP: 33/33 MP: 3/3
  1412 | D:2      | Noticed Sigmund
  1443 | D:2      | Slain by Sigmund

Illustrated notes

Levels and vault maps discovered:
D:1:      dpeg_arrival_three_same_balls, layout_basic, nrook_campfire,
          minmay_surrounded
D:2:      layout_loops_ring, uniq_jessica, uniq_sigmund

Skill      XL: |  1  2 |
---------------+-------+-----
Axes           | 3 |  3.9
Fighting       | 4 |  4.1
Armour         | |  3.7
Shields        | |  3.5

Action                   || total
-------------------------++-------
Melee: War axe           ||    91
  Use: Potion            ||     2
Armor: Scale mail        ||    31
Dodge: Dodged            ||    47
